 Dungeon Crawl Stone Soup version 0.23-a0-639-ga9a3373 (webtiles) character file.

46 Lavandula the Cutter (level 3, 0/21 HPs)
             Began as a Halfling Enchanter on Dec 29, 2018.
             Slain by an orc wizard
             ... wielding a +0 dagger
              (1 damage)
             ... on level 3 of the Dungeon.
             The game lasted 00:02:41 (923 turns).

Lavandula the Cutter (Halfling Enchanter)            Turns: 923, Time: 00:02:42

Health: 0/21       AC:  2    Str: 14    XL:     3   Next: 95%
Magic:  1/5        EV: 15    Int: 14    God:
Gold:   81         SH:  0    Dex: 14    Spells: 2/5 levels left

rFire    . . .     SeeInvis .   a - +1 dagger
rCold    . . .     Gourm    .   (shield restricted)
rNeg     . . .     Faith    .   b - +0 robe
rPois    .         Spirit   .   (no helmet)
rElec    .         Reflect  .   (no cloak)
rCorr    .         Harm     .   (no gloves)
MR       .....                  (no boots)
Stlth    ++........             (no amulet)
HPRegen  0.47/turn              (no ring)
MPRegen  0.09/turn              (no ring)

@: mighty, very slightly contaminated
A: small, mutation resistance 1, regeneration 1
a: no special abilities


You were on level 3 of the Dungeon.
You were hungry.

You visited 1 branch of the dungeon, and saw 3 of its levels.

You collected 81 gold pieces.

Inventory:

Hand Weapons
 a - a +1 dagger (weapon)
Armour
 b - a +0 robe (worn)
Scrolls
 c - a scroll of noise {unknown}
 e - 3 scrolls of identify {unknown}
 g - a scroll of amnesia {unknown}
 i - a scroll of teleportation {unknown}
Comestibles
 d - 3 rations


   Skills:
 + Level 4.2 Short Blades
 - Level 2.1 Dodging
 - Level 3.2 Stealth
 - Level 1.5 Spellcasting
 - Level 2.4 Hexes


You had 2 spell levels left.
You knew the following spells:

 Your Spells              Type           Power        Failure   Level  Hunger
a - Corona                Hex            #......      10%         1    ##.....
b - Ensorcelled Hibernat  Hex/Ice        #.....       22%         2    ###....

Your spell library contained the following spells:

 Spells                   Type           Power        Failure   Level  Hunger
 Confuse                  Hex            #.......     28%         3    ####...
 Tukima's Dance           Hex            #.......     28%         3    ####...
 Dazzling Spray           Conj/Hex       #.....       41%         3    ####...


Dungeon Overview and Level Annotations

Branches:
Dungeon (3/15)

Altars:


Innate Abilities, Weirdness & Mutations

You are small and have problems with some larger weapons.
You are somewhat resistant to further mutation.
Your natural rate of healing is unusually fast.


Message History

You hit the orc wizard but do no damage.
The orc wizard is almost dead.
The orc wizard barely misses you.
You barely miss the orc wizard.
The orc wizard is almost dead.
The orc wizard gestures at you while chanting.
The magic dart hits you!
* * * LOW HITPOINT WARNING * * *
You closely miss the orc wizard.
The orc wizard is almost dead.
The orc wizard misses you.
It was a potion of mutation.
You feel extremely strange.
You begin to heal more quickly.
The orc wizard casts a spell at you. The puff of flame hits you!
* * * LOW HITPOINT WARNING * * *
It was a potion of might.
You feel very mighty all of a sudden.
The orc wizard hits you with a +0 dagger.
You die...

..................
.............####
.............#
.............#
..#..........#
.##..........#
#..........# #
#..........####.#
#.........oo@...#
......##.########
..........
...........
...........
............
......


You could see an orc wizard and an orc.

Vanquished Creatures
  3 adders
  A dart slug (D:1)
  An orc (D:3)
  3 bats (D:1)
  A giant cockroach (D:1)
  3 goblins
  A hobgoblin (D:1)
  2 kobolds
  2 frilled lizards
  3 rats
20 creatures vanquished.

Notes
Turn   | Place    | Note
-------+----------+-------------------------------------------
     0 | D:1      | Lavandula the Halfling Enchanter began the quest for the
                  | Orb.
     0 | D:1      | Reached XP level 1. HP: 11/11 MP: 3/3
     2 | D:1      | Noticed a troll
     4 | D:1      | Noticed a naga
     4 | D:1      | Noticed a demigod
     6 | D:1      | Noticed a spriggan
     6 | D:1      | Noticed a human
     8 | D:1      | Noticed an elf
     8 | D:1      | Noticed a draconian
    10 | D:1      | Noticed a vine stalker
    10 | D:1      | Noticed a gargoyle
    12 | D:1      | Noticed an ogre
    14 | D:1      | Noticed an octopode
    14 | D:1      | Noticed a centaur
    16 | D:1      | Noticed a demonspawn
    18 | D:1      | Noticed a felid
    20 | D:1      | Noticed a ghoul
    20 | D:1      | Noticed a dwarf
    22 | D:1      | Noticed a merfolk
    22 | D:1      | Noticed a minotaur
    24 | D:1      | Noticed a vampire
    24 | D:1      | Noticed a formicid
    27 | D:1      | Noticed a tengu
    27 | D:1      | Noticed a halfling
   135 | D:1      | Reached skill level 2 in Short Blades
   162 | D:1      | Reached XP level 2. HP: 16/17 MP: 4/4
   192 | D:1      | Learned a level 2 spell: Ensorcelled Hibernation
   511 | D:2      | Reached skill level 3 in Short Blades
   511 | D:2      | Reached XP level 3. HP: 21/21 MP: 2/5
   875 | D:3      | Reached skill level 4 in Short Blades
   922 | D:3      | Gained mutation: Your natural rate of healing is unusually
                  | fast. [potion of mutation]
   922 | D:3      | HP: 1/21 [orc wizard/puff of flame (3)]
   923 | D:3      | Slain by an orc wizard

Vault maps used:
D:1:      kb_arrival_jail
D:2:      grunt_temple_overflow_forces_of_nature
D:3:      first_ration

Skill      XL: |  1  2  3 |
---------------+----------+-----
Short Blades   | 2 3 4 |  4.2
Dodging        | |  2.1
Stealth        | |  3.2
Spellcasting   | |  1.5
Hexes          | |  2.4

Action                   || total
-------------------------++-------
Melee: Dagger            ||    75
 Cast: Corona            ||     3
       Ensorcelled Hiber ||     4
  Use: Potion            ||     2
 Stab: Sleeping          ||     9
Armor: Robe              ||     9
Dodge: Dodged            ||    44

Table legend:
 A = Non-vault XP
 B = Vault XP
 C = Vault XP percentage of total XP
 D = Non-vault monster count
 E = Vault monster count
 F = Vault count percentage of total count
                 A         B        C        D         E       F
            +---------+---------+-------+---------+---------+-------
      Total |      67 |       0 |   0.0 |      20 |       0 |   0.0
            +---------+---------+-------+---------+---------+-------
        D:1 |      17 |       0 |   0.0 |      10 |       0 |   0.0
        D:2 |      31 |       0 |   0.0 |       6 |       0 |   0.0
        D:3 |      19 |       0 |   0.0 |       4 |       0 |   0.0
            +---------+---------+-------+---------+---------+-------
